 Dungeon Crawl Stone Soup version 0.24-a0-781-g048a31f (webtiles) character file.

Game seed: 18179862886886010306, levelgen mode: deterministic

375 pichaelthompson the Covert (level 6, -2/37 HPs)
             Began as an Octopode Assassin on Oct 8, 2019.
             Was a Follower of Hepliaklqana.
             Slain by a hound (3 damage)
             ... on level 4 of the Dungeon.
             The game lasted 00:07:40 (3806 turns).

pichaelthompson the Covert (Octopode Assassin)      Turns: 3806, Time: 00:07:40

Health: -2/37      AC:  1    Str: 10    XL:     6   Next: 72%
Magic:  8/8        EV: 13    Int: 13    God:    Hepliaklqana [*.....]
Gold:   215        SH:  0    Dex: 16    Spells: 7/7 levels left

rFire    . . .     SeeInvis .   a - +2 dagger
rCold    . . .     Gourm    .   (no shield)
rNeg     + . .     Faith    .   (helmet restricted)
rPois    .         Spirit   .   i - amulet of inaccuracy (curse)
rElec    .         Reflect  .   r - ring of attention (curse)
rCorr    .         Harm     .   j - ring of positive energy
MR       .....                  (no ring)
Stlth    ++++......             (no ring)
HPRegen  0.12/turn              (no ring)
MPRegen  0.11/turn              (no ring)
                                (no ring)
                                (no ring)

@: no status effects
A: almost no armour, stealthy swim, amphibious, 8 rings, constrict 8, reduced
essence, camouflage 1, gelatinous body 1
a: Recall Ancestor, Ancestor Identity, Renounce Religion


You were on level 4 of the Dungeon.
You worshipped Hepliaklqana.
Hepliaklqana was aware of your devotion.
You were hungry.

You visited 1 branch of the dungeon, and saw 4 of its levels.

You collected 215 gold pieces.

Inventory:

Hand Weapons
 a - a +2 dagger (weapon)
Missiles
 b - 20 poisoned darts (quivered)
 c - 10 curare-tipped darts
Jewellery
 i - a cursed amulet of inaccuracy (around mantle)
 j - a ring of positive energy (right tentacle)
 r - a cursed ring of attention (left tentacle)
Scrolls
 e - a scroll of blinking
 f - a scroll of teleportation
 g - a scroll of noise {unknown}
 k - a scroll of identify
 l - a scroll of magic mapping
 p - a scroll of amnesia
Potions
 m - 2 potions of curing
 o - a potion of brilliance
 q - a potion of mutation {unknown}
Comestibles
 d - 5 rations
 h - 6 chunks of flesh


   Skills:
 * Level 3.0 Fighting
 + Level 2.9 Short Blades
 + Level 2.1 Throwing
 + Level 1.8 Dodging
 * Level 9.1 Stealth
 * Level 1.4 Spellcasting


You had 7 spell levels left.
You didn't know any spells.
Your spell library was empty.

Dungeon Overview and Level Annotations

Branches:
Dungeon (4/15)
 Temple: D:4-7

Altars:
Dithmenos
Hepliaklqana
Qazlal


Innate Abilities, Weirdness & Mutations

You cannot wear most types of armour.
You are very stealthy in the water. (Stealth+)
You are amphibious.
You can wear up to eight rings at the same time.
You can use your tentacles to constrict eight enemies at once.
Your skin changes colour to match your surroundings (Stealth+).
Your rubbery body absorbs attacks. (AC +1, EV +1)
Your life essence is reduced to manifest your ancestor. (-10% HP)


Message History

The hound is severely wounded.
The hound closely misses you.
Cynebald closely misses the hound.
The hound bites you.
* * * LOW HITPOINT WARNING * * *
Cynebald barely misses the hound.
Cynebald misses the hound.
The hound closely misses you.
You completely miss the hound. Your grab misses the hound.
Your squeeze misses the hound.
The hound is severely wounded.
The hound closely misses you.
Cynebald hits the hound.
You closely miss the hound. Your grab misses the hound.
The hound is severely wounded.
The hound barely misses you. The hound bites you.
* * * LOW HITPOINT WARNING * * *
Cynebald closely misses the hound.
You barely miss the hound. Your grab misses the hound.
The hound is severely wounded.
The hound bites you.
You die...

###.....≈≈≈§≈≈§≈≈
###..<....≈≈≈≈≈§§≈≈
#..........≈≈§≈≈§≈≈
#..........≈≈≈≈.≈≈≈
####....#......≈...≈≈≈
#..............≈.....≈
#.....................
#.........##.#...#####
####.@..####........##
#....h.....#.######.#
#.##.R..##.#.# #
#.......# #.#
#.†##.### #.# #.. #.#
#.# #.^ ... ... #.#
#.## .## #. #.#


You could see the friendly Cynebald the ancestor and a hound.

Vanquished Creatures
  A bullfrog (D:3)
  A scorpion (D:4)
  A worker ant (D:4)
  3 gnolls (D:3)
  6 adders
  5 worms
  2 dart slugs (D:1)
  4 leopard geckos
  5 orcs (D:3)
  3 giant cockroaches
  2 goblins (D:1)
  13 hobgoblins
  7 kobolds
  3 quokkas
  3 ball pythons
  7 bats
  5 frilled lizards
  14 rats
85 creatures vanquished.

Vanquished Creatures (collateral kills)
  A howler monkey (D:3)
  An adder (D:2)
  A worm (D:4)
  A leopard gecko (D:4)
  A giant cockroach (D:2)
5 creatures vanquished.

Grand Total: 90 creatures vanquished

Notes
Turn   | Place    | Note
-------+----------+-------------------------------------------
     0 | D:1      | pichaelthompson the Octopode Assassin began the quest for
                  | the Orb.
     0 | D:1      | Reached XP level 1. HP: 14/14 MP: 1/1
   181 | D:1      | Reached XP level 2. HP: 19/19 MP: 2/2
   529 | D:1      | Reached skill level 6 in Stealth
   716 | D:1      | Reached XP level 3. HP: 24/24 MP: 3/3
  1020 | D:2      | Found a hazy altar of Hepliaklqana.
  1046 | D:2      | Became a worshipper of Hepliaklqana the Forgotten
  1426 | D:2      | Reached XP level 4. HP: 22/26 MP: 4/4
  1637 | D:2      | Found a shadowy altar of Dithmenos.
  1697 | D:2      | Reached skill level 7 in Stealth
  1901 | D:2      | Found a stormy altar of Qazlal.
  2013 | D:3      | Reached * piety under Hepliaklqana
  2313 | D:3      | Reached XP level 5. HP: 24/31 MP: 5/5
  2540 | D:3      | Reached skill level 1 in Spellcasting
  2543 | D:3      | Reached skill level 8 in Stealth
  2970 | D:3      | Reached XP level 6. HP: 21/36 MP: 7/7
  3775 | D:4      | Reached skill level 9 in Stealth
  3805 | D:4      | HP: 1/37 [hound (4)]
  3806 | D:4      | Slain by a hound

Levels and vault maps discovered:
D:1:      erik_arrival_triangle_large, layout_basic, serial_rivers,
          chequers_serial_rivers_small_a, chequers_serial_rivers_small_3,
          chequers_serial_rivers_large_a, chequers_serial_rivers_micro_c,
          chequers_serial_rivers_micro_c, chequers_serial_rivers_large_b
D:2:      layout_basic, nicolae_qazlal_eye_of_the_storm,
          nicolae_overflow_crystal_walls, marbit_many_paths,
          minmay_stone_trees_small, minmay_rat_gold_closets
D:3:      layout_basic, minmay_pentomino_pile
D:4:      layout_loops_ring, yredelemnul_forgotten_temple_becter, serial_shops,
          shop, first_ration, lemuel_old_faithful, uniq_duvessa, uniq_edmund

Skill      XL: |  1  2  3  4  5  6 |
---------------+-------------------+-----
Stealth        | 6 7 8 9 |  9.1
Spellcasting   | 1 |  1.4
Fighting       | 3 |  3.0
Short Blades   | |  2.9
Throwing       | |  2.1
Dodging        | |  1.8

Action                   |  1- 3 |  4- 6 || total
-------------------------+-------+-------++-------
Melee: Dagger            |    51 |   114 ||   165
       Constrict         |    10 |    23 ||    33
       Tentacles         |     5 |    21 ||    26
  Use: Scroll            |       |    10 ||    10
 Stab: Sleeping          |    14 |    27 ||    41
       Distracted        |       |     2 ||     2
  Eat: Chunk             |     2 |     6 ||     8
Armor: Skin              |     4 |     3 ||     7
Dodge: Dodged            |    24 |    46 ||    70

Table legend:
 A = Non-vault XP
 B = Vault XP
 C = Vault XP percentage of total XP
 D = Non-vault monster count
 E = Vault monster count
 F = Vault count percentage of total count
                 A         B        C        D         E       F
            +---------+---------+-------+---------+---------+-------
      Total |     515 |      21 |   3.9 |      76 |      14 |  15.6
            +---------+---------+-------+---------+---------+-------
        D:1 |      36 |       0 |   0.0 |      21 |       0 |   0.0
        D:2 |      73 |      10 |  12.0 |      18 |       9 |  33.3
        D:3 |     292 |      11 |   3.6 |      32 |       5 |  13.5
        D:4 |     114 |       0 |   0.0 |       5 |       0 |   0.0
            +---------+---------+-------+---------+---------+-------
